 Dungeon Crawl Stone Soup version 0.30.0-29-ga12c61a403 (webtiles) character file.

Game seed: 1869502309033049020

156 Chilbo the Insei (level 5, -3/40 HPs)
             Began as a Draconian Transmuter on June 10, 2023.
             Slain by a hound (4 damage)
             ... on level 4 of the Dungeon.
             The game lasted 00:14:47 (2696 turns).

Chilbo the Insei (Draconian Transmuter)             Turns: 2696, Time: 00:14:48

Health: -3/40      AC:  6    Str: 12    XL:     5   Next: 14%
Magic:  8/8        EV: 12    Int: 13    God:
Gold:   73         SH:  0    Dex: 14    Spells: 4/8 levels left

rFire   . .          .
                       - Unarmed
rCold   + . .        (no shield)
rNeg    . . .        (body armour unavailable)
rPois   .            (helmet currently unavailable)
rElec   .            (no cloak)
rCorr   .            i - +0 pair of gloves
SInv    .            (boots currently unavailable)
Will    .....        (no amulet)
Stlth   +            h - ring of protection from cold
HPRegen 0.26/turn    (no ring)
MPRegen 0.11/turn

%: no passive effects
@: appendages (expiring)
A: horns 2, talons 2, AC +5, unfitting armour, cold-blooded
a: End Transformation


You were on level 4 of the Dungeon.
You had temporarily grown beastly horns and talons.
You visited 1 branch of the dungeon, and saw 4 of its levels.

You collected 73 gold pieces.

Inventory:

Hand Weapons
 n - a +0 dagger of venom
Missiles
 f - a throwing net
 m - 3 javelins
Armour
 i - a +0 pair of gloves (worn)
Jewellery
 h - a ring of protection from cold (left hand)
Wands
 k - a wand of flame (5)
Scrolls
 c - 2 scrolls of enchant armour {unknown}
 d - a scroll of immolation {unknown}
 e - 2 scrolls of fog {unknown}
 j - 4 scrolls of identify {unknown}
 l - a scroll of teleportation {unknown}
 o - a scroll of poison {unknown}
 p - 2 scrolls of amnesia {unknown}
 q - a scroll of noise {unknown}
Potions
 a - 2 potions of lignification
 b - 5 potions of curing {unknown}
 g - a potion of attraction {unknown}
 r - a potion of heal wounds
 s - a potion of haste {unknown}


   Skills:
 - Level 1.1 Fighting
 - Level 1.7 Dodging
 + Level 4.8 Unarmed Combat
 - Level 2.0 Spellcasting
 * Level 3.8 Transmutations


You had 4 spell levels left.
You knew the following spells:

 Your Spells              Type           Power      Damage    Failure   Level
a - Beastly Appendage     Tmut           22%        N/A       5%          1
b - Spider Form           Tmut/Pois      6%         N/A       34%         3

Your spell library contained the following spells:

 Spells                   Type           Power      Damage    Failure   Level
 Wereblood                Tmut           11%        N/A       8%          2
 Ice Form                 Ice/Tmut       6%         N/A       75%         4


Dungeon Overview and Level Annotations

Branches:
Dungeon (4/15)
 Temple: D:4-7

Altars:
Elyvilon

Annotations:
D:4 Dowan, Duvessa


Innate Abilities, Weirdness & Mutations

You have temporarily grown beastly horns and talons.
Your plain brown scales are hard. (AC +5)
You cannot fit into any form of body armour.
You are cold-blooded and may be slowed by cold attacks.


Message History

You tail-slap the hound.
The hound is moderately wounded.
The hound bites you.
You hit the hound.
The hound is moderately wounded.
The hound barely misses you. x2
You hit the hound. You claw the hound, but do no damage.
The hound is heavily wounded.
The hound closely misses you.
Dowan gestures wildly while chanting.
Dowan blinks!
Duvessa drinks a potion.
Duvessa seems to grow stronger.
You hit the hound. Your kick misses the hound. Your headbutt misses the hound.
You punch the hound.
The hound is severely wounded.
The hound bites you but does no damage.
Dowan gestures wildly while chanting.
Dowan blinks!
The hound closely misses you. Duvessa attacks as you move away!
Duvessa barely misses you. Duvessa hits you with a +0 short sword!
The hound attacks as you move away! The hound bites you but does no damage.
Dowan smirks and points a slender finger.
The hound closely misses you.
Duvessa says, "Practise, practise, practise!
One day you'll be as good as me." Duvessa hits you with a +0 short sword.
Duvessa attacks as you move away! Duvessa hits you with a +0 short sword.
The hound attacks as you move away!
The hound bites you but does no damage. x2
Dowan gestures wildly while chanting.
Dowan blinks!
Duvessa completely misses you. The hound attacks as you move away!
The hound bites you but does no damage. x2
Duvessa attacks as you move away! Duvessa hits you with a +0 short sword.
Duvessa says, "When magic and the sword combine, nothing stands against them."
Duvessa closely misses you. The hound attacks as you move away!
The hound barely misses you.
Your transformation is almost over.
The hound closely misses you.
There is a stone staircase leading up here.
Duvessa hits you with a +0 short sword!!
* * * LOW HITPOINT WARNING * * *
The hound bites you.
You die...

##[## ##...# #...# ##.......
##.####....##
##..####....ยง...
##.........###
#...e........##
#.....##....####.........####
##.#.....#.....#........###
###.###.....##.............#
#...# ###.....#.........#..#
###.# ##>....#.e.....##..##
#.# ##.....@h.....##...### #
#.# ###....K....#.......###
### ##.......#..##.......
##.#......#####....#.
#.####...## ##..### ### ##..#
##.# #### ###


You could see Duvessa (fast, strong), Dowan, a hound and a kobold.

Vanquished Creatures
  Terence (D:2)
  5 gnolls
  2 adders (D:2)
  A dart slug (D:3)
  An orc (D:3)
  4 ball pythons (D:1)
  4 endoplasms
  6 giant cockroaches
  4 goblins
  5 hobgoblins
  4 jackals (D:1)
  2 quokkas
  4 bats
  7 frilled lizards
  4 kobolds (D:2)
  9 rats
63 creatures vanquished.

Notes
Turn   | Place    | Note
-------+----------+-------------------------------------------
     0 | D:1      | Chilbo the Draconian Transmuter began the quest for the
                  | Orb.
     0 | D:1      | Reached XP level 1. HP: 16/16 MP: 3/3
   143 | D:1      | Reached XP level 2. HP: 23/23 MP: 5/5
  1156 | D:2      | Reached XP level 3. HP: 28/28 MP: 6/6
  1411 | D:2      | Reached skill level 4 in Unarmed Combat
  1507 | D:2      | Noticed Terence
  1530 | D:2      | Killed Terence
  1737 | D:2      | Reached XP level 4. HP: 27/35 MP: 7/7
  1916 | D:2      | Learned a level 3 spell: Spider Form
  1933 | D:3      | Found a white marble altar of Elyvilon.
  2484 | D:4      | Reached XP level 5. HP: 37/40 MP: 6/8
  2664 | D:4      | Noticed Dowan
  2664 | D:4      | Noticed Duvessa
  2696 | D:4      | HP: 1/40 [Duvessa/+0 short sword (18)]
  2696 | D:4      | Slain by a hound

Illustrated notes

Levels and vault maps discovered:
D:1:      spicycebolla_green_bress_n_ham_2, layout_basic
D:2:      layout_basic, uniq_terence
D:3:      layout_rooms, mainiacjoe_overflow_six_doors_small,
          wander_ebering_terrifying_dragon_lair
D:4:      layout_layer_cave, uniq_duvessa

Skill      XL: |  1  2  3 |
---------------+----------+-----
Unarmed Combat | 4 |  4.8
Transmutations | 3 |  3.8
Fighting       | |  1.1
Dodging        | |  1.7
Spellcasting   | |  2.0

Action                     |  1- 3 |  4- 6 || total
---------------------------+-------+-------++-------
  Melee: Unarmed           |   121 |    90 ||   211
         Tailslap          |    13 |    12 ||    25
         Kick              |    11 |     5 ||    16
         Headbutt          |     5 |     5 ||    10
         Punch             |     3 |     3 ||     6
         Dagger            |    12 |       ||    12
   Cast: Beastly Appendage |     3 |     5 ||     8
 Armour: Skin              |    20 |    26 ||    46
  Dodge: Dodged            |    83 |    48 ||   131
